 Dungeon Sprint DCSS version 0.23-a0-890-gc183402 (webtiles) character file.

Game seed: 10520292321155483152

4400000 galech the Conqueror (level 21, -7/204 HPs)
             Began as a Demonspawn Fighter on Jan 28, 2019.
             Was a High Priest of Makhleb.
             Killed from afar by a large bag of meat (25 damage)
             ... with an exploding inner flame
             ... in the Dungeon (Sprint VIII: "Arena of Blood").
             The game lasted 00:02:18 (44 turns).

galech the Conqueror (Demonspawn Fighter)             Turns: 44, Time: 00:02:19

Health: -7/204     AC: 13    Str: 18    XL:     21   Next: 85%
Magic:  46/46      EV: 40    Int:  9    God:    Makhleb [*****.]
Gold:   0          SH:  0    Dex: 27    Spells: 63/63 levels left

rFire    . . .     SeeInvis .   l - +∞ Axe of Woe
rCold    + . .     Gourm    .   (shield currently unavailable)
rNeg     + . .     Faith    .   b - +0 scale mail
rPois    .         Spirit   .   (no helmet)
rElec    .         Reflect  .   (no cloak)
rCorr    .         Harm     .   (gloves unavailable)
MR       +....     NoTele   +   (no boots)
Stlth    +++++++++.             (no amulet)
HPRegen  0.44/turn              n - +30 ring of slaying
MPRegen  0.30/turn              m - +30 ring of slaying

@: agile, repel missiles
A: claws 3, repulsion field 3, cold resistance 1, icemail, negative energy
resistance 1, powered by pain 3, freezing cloud immunity
a: Minor Destruction, Lesser Servant of Makhleb, Major Destruction, Greater
Servant of Makhleb, Renounce Religion


You were in the Dungeon.
You worshipped Makhleb.
Makhleb was extremely pleased with you.
You were not hungry.

You visited 1 branch

Inventory:

Hand Weapons
 a - a +0 war axe
 l - the +∞ Axe of Woe (weapon)
   (You found it in the Dungeon)
Armour
 b - a +0 scale mail (worn)
 c - a +0 shield
Jewellery
 m - a +30 ring of slaying (right claw)
 n - a +30 ring of slaying (left claw)
 o - a +30 ring of slaying
 p - a +30 ring of slaying
 q - a +30 ring of slaying
Scrolls
 k - a scroll of blinking
Potions
 d - a potion of might
 e - a potion of curing
 g - a potion of heal wounds
 h - a potion of haste
 i - 2 potions of magic
 j - a potion of berserk rage
Comestibles
 f - a ration


   Skills:
 O Level 27 Fighting
 O Level 27 Axes
 + Level 22.2 Throwing
 O Level 27 Armour
 + Level 22.2 Dodging
 + Level 23.8 Stealth
 O Level 27 Shields
 + Level 22.2 Unarmed Combat
 + Level 21.7 Spellcasting
 O Level 27 Invocations


You had 63 spell levels left.
You didn't know any spells.
Your spell library was empty.

Dungeon Overview and Level Annotations

Branches:
Dungeon (1/1)

Altars:
Makhleb


Innate Abilities, Weirdness & Mutations

You have claws for hands.
You are surrounded by a strong repulsion field. (EV +4, RMsl)
Your flesh is cold resistant. (rC+)
A meltable icy envelope protects you from harm. (AC +0)
You resist negative energy. (rN+)
You are powered by pain.
You are immune to freezing clouds.


Message History

You hear a shout! x5
The large bag of meat hits you with a +9 giant spiked club!!!!
Ouch! That really hurt!
You focus on the pain.
You feel your power returning.
The large bag of meat hits you with a +9 giant spiked club!!!
* * * LOW HITPOINT WARNING * * *
The bag of meat hits you with a +9 war axe!!
* * * LOW HITPOINT WARNING * * *
The bag of meat moves out of view.
Items here: )) == † a +9 war axe; a +30 ring of slaying; a +9 battleaxe; a +30 ring of slaying a meat berserker corpse You are too injured to fight recklessly!
Unknown command.
You slash the large bag of meat!
You dissect the large bag of meat like a pig carcass.
The large bag of meat explodes!
The fiery explosion engulfs the bag of meat!!!
The fiery explosion engulfs you!!
You die...

........###......
#........_.......
......#.)...# ..
V.....#_)<._# ...
......#)O...#....
#........_.......
.......)###......
...###...§§..###.
.. #.@§§§..#
#o§.§§..#
..§§§.o.....
...............
................#
..............##.
....#........#.
.............#


You could see a destroyer, a meat berserker (berserk) and 2 bags of meat.

Vanquished Creatures
  A vampire knight (D)
  7 ogres (D)
  A two-headed ogre (D)
  18 orcs (D)
27 creatures vanquished.

Notes
Turn   | Place    | Note
-------+----------+-------------------------------------------
     0 | D        | Found the +∞ Axe of Woe
     0 | D        | galech the Demonspawn Fighter began the quest for the Orb.
     0 | D        | Reached XP level 1. HP: 18/18 MP: 1/1
     1 | D        | Noticed a bag of meat
     1 | D        | Noticed a bag of meat
     3 | D        | Noticed a bag of meat
     4 | D        | Noticed a bag of meat
     4 | D        | Noticed a bag of meat
     9 | D        | Killed a bag of meat
     9 | D        | Reached skill level 15 in Fighting
     9 | D        | Reached skill level 15 in Armour
     9 | D        | Gained mutation: Your flesh is cold resistant. (rC+)
                  | [demonic ancestry]
     9 | D        | Reached XP level 2. HP: 45/45 MP: 2/2
     9 | D        | Gained mutation: You are surrounded by a mild repulsion
                  | field. (EV +2) [demonic ancestry]
     9 | D        | Reached XP level 3. HP: 51/51 MP: 3/3
     9 | D        | Reached XP level 4. HP: 58/58 MP: 4/4
     9 | D        | Gained mutation: You have sharp fingernails. [demonic
                  | ancestry]
     9 | D        | Reached XP level 5. HP: 64/64 MP: 5/5
     9 | D        | Gained mutation: You have very sharp fingernails. [demonic
                  | ancestry]
     9 | D        | Reached XP level 6. HP: 71/71 MP: 6/6
     9 | D        | Gained mutation: You are immune to freezing clouds.
                  | [demonic ancestry]
     9 | D        | Reached XP level 7. HP: 77/77 MP: 7/7
     9 | D        | Gained mutation: A meltable icy envelope protects you from
                  | harm. (AC +0) [demonic ancestry]
     9 | D        | Reached XP level 8. HP: 85/85 MP: 8/8
     9 | D        | Gained mutation: You sometimes gain a little power by
                  | taking damage. [demonic ancestry]
     9 | D        | Reached XP level 9. HP: 91/91 MP: 9/9
     9 | D        | Gained mutation: You are surrounded by a moderate repulsion
                  | field. (EV +3) [demonic ancestry]
     9 | D        | Reached XP level 10. HP: 98/98 MP: 10/10
     9 | D        | Reached XP level 11. HP: 104/104 MP: 11/11
     9 | D        | Noticed a meat berserker
    10 | D        | Killed a bag of meat
    10 | D        | Reached skill level 10 in Axes
    10 | D        | Gained mutation: You are surrounded by a strong repulsion
                  | field. (EV +4, RMsl) [demonic ancestry]
    10 | D        | Reached XP level 12. HP: 102/116 MP: 12/12
    10 | D        | Killed a bag of meat
    10 | D        | Gained mutation: You sometimes gain power by taking damage.
                  | [demonic ancestry]
    10 | D        | Reached XP level 13. HP: 111/127 MP: 13/13
    10 | D        | Noticed a bag of meat
    11 | D        | Killed a bag of meat
    11 | D        | Gained mutation: You are powered by pain. [demonic
                  | ancestry]
    11 | D        | Reached XP level 14. HP: 93/136 MP: 14/14
    11 | D        | Killed a bag of meat
    11 | D        | Noticed a bag of meat
    11 | D        | Noticed a bag of meat
    12 | D        | Became a worshipper of Makhleb the Destroyer
    13 | D        | Killed a meat berserker
    13 | D        | Reached XP level 15. HP: 104/151 MP: 15/15
    16 | D        | Reached * piety under Makhleb
    16 | D        | Reached skill level 15 in Axes
    17 | D        | Gained mutation: You have claws for hands. [demonic
                  | ancestry]
    17 | D        | Reached XP level 16. HP: 114/162 MP: 16/16
    21 | D        | Reached ** piety under Makhleb
    21 | D        | Noticed a meat berserker
    23 | D        | Noticed a meat berserker
    24 | D        | Noticed a meat berserker
    27 | D        | Killed a meat berserker
    27 | D        | Reached skill level 27 in Fighting
    27 | D        | Reached XP level 17. HP: 150/174 MP: 17/17
    27 | D        | Killed a meat berserker
    27 | D        | Reached skill level 27 in Armour
    27 | D        | Reached skill level 27 in Shields
    28 | D        | Noticed a meat berserker
    29 | D        | Noticed a large bag of meat
    30 | D        | Killed a meat berserker
    30 | D        | Reached *** piety under Makhleb
    30 | D        | Reached skill level 27 in Axes
    30 | D        | Reached XP level 18. HP: 137/182 MP: 18/18
    30 | D        | Reached skill level 5 in Throwing
    30 | D        | Reached skill level 5 in Dodging
    30 | D        | Reached skill level 5 in Unarmed Combat
    30 | D        | Reached skill level 5 in Spellcasting
    30 | D        | Noticed a meat berserker
    33 | D        | Reached **** piety under Makhleb
    33 | D        | Reached skill level 10 in Stealth
    33 | D        | Reached XP level 19. HP: 189/189 MP: 18/32
    33 | D        | Noticed a meat berserker
    34 | D        | Reached skill level 10 in Spellcasting
    34 | D        | Noticed a large bag of meat
    35 | D        | Killed a meat berserker
    35 | D        | Reached skill level 15 in Stealth
    37 | D        | Killed a large bag of meat
    37 | D        | Reached skill level 15 in Spellcasting
    37 | D        | Gained mutation: You resist negative energy. (rN+) [demonic
                  | ancestry]
    37 | D        | Reached XP level 20. HP: 100/197 MP: 37/39
    37 | D        | Reached ***** piety under Makhleb
    37 | D        | Killed a meat berserker
    39 | D        | Noticed a destroyer
    40 | D        | Killed a meat berserker
    40 | D        | Reached XP level 21. HP: 204/204 MP: 38/44
    41 | D        | Killed a destroyer
    41 | D        | Reached skill level 27 in Invocations
    43 | D        | Noticed a destroyer
    44 | D        | Killed a large bag of meat
    44 | D        | Killed from afar by a large bag of meat

Vault maps used:
D:        meatsprint

Skill      XL: |  1  2  3  4  5  6  7  8  9 10 11 12 13 14 15 16 17 18 19 20 21 |
---------------+----------------------------------------------------------------+-----
Fighting       | 15 18 19 20 23 25 27 | 27.0
Axes           | 8 10 11 12 14 16 19 27 | 27.0
Armour         | 15 17 18 19 22 23 26 27 | 27.0
Shields        | 14 16 18 19 21 23 25 27 | 27.0
Throwing       | 9 16 19 22 | 22.2
Dodging        | 9 16 19 22 | 22.2
Stealth        | 10 17 21 23 | 23.8
Unarmed Combat | 9 16 19 22 | 22.2
Spellcasting   | 9 15 19 21 | 21.7
Invocations    | 13 20 25 27 | 27.0

Action                   |  1- 3 |  4- 6 |  7- 9 | 10-12 | 13-15 | 16-18 | 19-21 || total
-------------------------+-------+-------+-------+-------+-------+-------+-------++-------
Melee: Executioner's axe |     1 |       |       |     1 |     4 |     6 |     7 ||    19
Armor: Scale mail        |       |       |       |       |       |       |     1 ||     1
Dodge: Dodged            |       |       |       |     1 |       |       |       ||     1

Table legend:
 A = Non-vault XP
 B = Vault XP
 C = Vault XP percentage of total XP
 D = Non-vault monster count
 E = Vault monster count
 F = Vault count percentage of total count
                 A         B        C        D         E       F
            +---------+---------+-------+---------+---------+-------
      Total |       0 |  689364 | 100.0 |       0 |      27 | 100.0
            +---------+---------+-------+---------+---------+-------
          D |       0 |  689364 | 100.0 |       0 |      27 | 100.0
            +---------+---------+-------+---------+---------+-------
